 Dungeon Crawl Stone Soup version 0.29.1-1-gd02db6906a (webtiles) character file.

Game seed: 9605937407202375022

107 swilekon the Ruffian (level 4, -8/40 HPs)
             Began as a Draconian Monk on Sept 19, 2022.
             Mangled by an ogre
             ... wielding a +0 giant club
              (21 damage)
             ... on level 4 of the Dungeon.
             The game lasted 00:04:56 (3137 turns).

swilekon the Ruffian (Draconian Monk)               Turns: 3137, Time: 00:04:56

Health: -8/40      AC:  5    Str: 15    XL:     4   Next: 57%
Magic:  4/4        EV: 13    Int: 11    God:
Gold:   194        SH:  0    Dex: 13    Spells: 3/3 levels left

rFire   . . .      SeeInvis +     - Unarmed
rCold   . . .      Faith    .   (no shield)
rNeg    . . .      Spirit   .   (body armour unavailable)
rPois   .          Reflect  .   (helmet restricted)
rElec   .          Harm     .   (no cloak)
rCorr   .          Rampage  .   (no gloves)
Will    .....                   (no boots)
Stlth   ++........              (no amulet)
HPRegen 0.13/turn               k - ring of see invisible
MPRegen 0.09/turn               (no ring)

@: no status effects
A: AC +5, unfitting armour, cold-blooded
a: no special abilities


You were on level 4 of the Dungeon.
You visited 1 branch of the dungeon, and saw 4 of its levels.

You collected 194 gold pieces.

Inventory:

Missiles
 j - a throwing net (quivered)
Jewellery
 k - a ring of see invisible (left hand)
Scrolls
 f - a scroll of teleportation
 g - 4 scrolls of identify
 m - 2 scrolls of enchant weapon
Potions
 a - a potion of ambrosia
 b - a potion of brilliance {unknown}
 c - a potion of might
 d - a potion of heal wounds {unknown}
 e - a potion of invisibility {unknown}
 h - a potion of resistance {unknown}
 i - 2 potions of flight {unknown}
 l - a potion of attraction {unknown}


   Skills:
 + Level 4.1 Fighting
 + Level 3.3 Dodging
 - Level 1.7 Stealth
 * Level 4.3 Unarmed Combat


You had 3 spell levels left.
You didn't know any spells.
Your spell library contained the following spells:

 Spells                   Type           Power      Damage    Failure   Level
 Blink                    Tloc           0%         N/A       47%         2
 Ensorcelled Hibernation  Hex/Ice        0%         N/A       47%         2
 Spider Form              Tmut/Pois      0%         N/A       71%         3
 Anguish                  Hex/Necr       0%         N/A       98%         4
 Manifold Assault         Tloc           0%         N/A       100%        5
 Storm Form               Tmut/Air       0%         N/A       100%        7


Dungeon Overview and Level Annotations

Branches:
Dungeon (4/15)
 Temple: D:4-7

Altars:
Yredelemnul

Shops:
D:3 *


Innate Abilities, Weirdness & Mutations

Your plain brown scales are hard. (AC +5)
You cannot fit into any form of body armour.
You are cold-blooded and may be slowed by cold attacks.


Message History

The adder bites you but does no damage.
You closely miss the adder.
The endoplasm quivers.
Your tail-slap misses the adder.
The adder bites you.
You are poisoned.
The adder poisons you!
You closely miss the adder.
You feel sick. The adder closely misses you.
You miss the adder.
You feel sick. The adder barely misses you. x2
You closely miss the ogre.
You tail-slap the ogre, but do no damage.
You feel sick. The ogre closely misses you. The adder bites you.
You hit the ogre but do no damage.
You feel sick.
You are no longer poisoned.
The adder bites you but does no damage.
You punch the ogre!
The ogre is moderately wounded.
The ogre completely misses you. The adder bites you.
You hit the ogre.
The ogre is heavily wounded.
The adder misses you. The ogre hits you but does no damage.
You hit the ogre.
The ogre is severely wounded.
The adder bites you but does no damage.
You barely miss the ogre.
The ogre is severely wounded.
The adder barely misses you.
The ogre hits you with a +0 giant club!!
Ouch! That really hurt!
The adder bites you but does no damage.
You are too injured to fight recklessly!
You are too injured to fight recklessly!
You completely miss the ogre.
The ogre is severely wounded.
The adder bites you.
* * * LOW HITPOINT WARNING * * *
You hit the ogre.
The ogre is almost dead.
The ogre hits you with a +0 giant club!!
Ouch! That really hurt!
You die...

#### ..# # #.#
#..###.########
#.....O@SJ....#
#..###.######.#
#.# #.######
#......#
######.#
##....####..
#......(.....
#).<.........


You could see an ogre, an adder and an endoplasm.

Vanquished Creatures
  3 adders
  A worm (D:3)
  A dart slug (D:1)
  An orc (D:4)
  4 endoplasms
  5 giant cockroaches
  6 goblins
  7 hobgoblins
  11 jackals
  5 kobolds
  2 quokkas
  4 ball pythons
  8 bats
  4 frilled lizards
  4 rats
66 creatures vanquished.

Notes
Turn   | Place    | Note
-------+----------+-------------------------------------------
     0 | D:1      | swilekon the Draconian Monk began the quest for the Orb.
     0 | D:1      | Reached XP level 1. HP: 19/19 MP: 1/1
   142 | D:1      | Reached XP level 2. HP: 26/26 MP: 2/2
   769 | D:1      | Found a faded altar of an unknown god.
   923 | D:1      | Reached XP level 3. HP: 31/31 MP: 3/3
  2248 | D:3      | Reached XP level 4. HP: 39/40 MP: 4/4
  2320 | D:3      | Identified the +2 ring mail of Day {Dex+4}
  2334 | D:3      | Found Zeostal's Assorted Antiques.
  2694 | D:3      | Found a basalt altar of Yredelemnul.
  3125 | D:4      | Noticed an ogre
  3137 | D:4      | Mangled by an ogre

Illustrated notes

Levels and vault maps discovered:
D:1:      spicycebolla_arrival_xxxplode, layout_basic, basic_ecumenical_altar,
          hex_large
D:2:      layout_basic
D:3:      layout_loops_ring, mainiacjoe_overflow_boulevard, serial_shops, shop
D:4:      layout_loops_ring, nzn_hepliaklqana_mist_gate, gammafunk_ghost_arena,
          nicolae_shop_vocational, uniq_blork_the_orc, uniq_duvessa

Skill      XL: |  1  2  3  4 |
---------------+-------------+-----
Dodging        | 3 |  3.3
Unarmed Combat | 4 |  4.3
Fighting       | 4 |  4.1
Stealth        | |  1.7

Action                   |  1- 3 |  4- 6 || total
-------------------------+-------+-------++-------
Melee: Unarmed           |   134 |    68 ||   202
       Tailslap          |    20 |     6 ||    26
       Punch             |     2 |     3 ||     5
  Use: Scroll            |       |     6 ||     6
 Stab: Sleeping          |       |     7 ||     7
       Distracted        |       |     1 ||     1
Armor: Skin              |    38 |    19 ||    57
Dodge: Dodged            |    88 |    41 ||   129
